 Dungeon Crawl Stone Soup version 0.28-a0-124-g73ec313a74 (webtiles) character file.

Game seed: 2995718241013182892

153610 theanonym the Warrior (level 17, -1/154 HPs)
             Began as a Mummy Brigand on Aug 13, 2021.
             Was the Champion of Makhleb.
             Killed from afar by a will-o-the-wisp (15 damage)
             ... with a foxfire
             ... on level 1 of the Swamp on Aug 14, 2021.
             The game lasted 01:21:56 (47444 turns).

theanonym the Warrior (Mummy Brigand)              Turns: 47444, Time: 01:21:56

Health: -1/154     AC: 29    Str: 20    XL:     17   Next: 5%
Magic:  23/23      EV:  6    Int: 11    God:    Makhleb [******]
Gold:   602        SH: 10    Dex:  9    Spells: 16/16 levels left

rFire   . . .      SeeInvis +   b - +5 morningstar of Nokluag {flame, rPois rCorr Dex-5 SInv}
rCold   + + .      Faith    .   N - +0 kite shield
rNeg    + + +      Spirit   .   D - +2 gold dragon scales
rPois   ∞          Reflect  .   p - +2 helmet
rElec   .          Harm     .   l - +0 cloak
rCorr   +          Rampage  .   L - +0 pair of gloves
Will    ++...                   g - +0 pair of boots
Stlth   ..........              e - amulet of regeneration
HPRegen 1.35/turn               H - ring of flight
MPRegen 0.18/turn               A - +4 ring of evasion

@: about to teleport, flying, studying 2 skills
A: cold resistance 1, negative energy resistance 3, torment resistance 2, heat
vulnerability 1, in touch with death 1, no potions
a: Renounce Religion, Minor Destruction, Lesser Servant of Makhleb, Major
Destruction, Greater Servant of Makhleb


Innate Abilities, Weirdness & Mutations

You are immune to poison.
Your flesh is cold resistant. (rC+)
You are immune to negative energy. (rN+++)
You are immune to unholy pain and torment.
You are vulnerable to heat. (rF-)
You are in touch with the powers of death.
You do not drink.


   Skills:
 + Level 19.7 Fighting
 - Level 1.5 Short Blades
 - Level 16.0 Maces & Flails
 - Level 1.5 Throwing
 + Level 13.4 Armour
 - Level 0.7 Dodging
 - Level 3.2 Stealth
 * Level 5.5 Shields
 - Level 8.6 Invocations


You had 16 spell levels left.
You didn't know any spells.
Your spell library contained the following spells:

 Spells                   Type           Power      Damage    Failure   Level
 Animate Skeleton         Necr           0%         N/A       100%        1
 Apportation              Tloc           0%         N/A       100%        1
 Corona                   Hex            0%         N/A       100%        1
 Shock                    Conj/Air       0%         1d3       100%        1
 Summon Small Mammal      Summ           0%         N/A       100%        1
 Slow                     Hex            0%         N/A       100%        2
 Confusing Touch          Hex            0%         N/A       100%        3
 Gell's Gravitas          Tloc           0%         N/A       100%        3
 Teleport Other           Tloc           0%         N/A       100%        3
 Vampiric Draining        Necr           0%         2d6       100%        3
 Animate Dead             Necr           0%         N/A       100%        4
 Hailstorm                Conj/Ice       0%         3d3       100%        4
 Petrify                  Tmut/Erth      0%         N/A       100%        4
 Borgnjor's Vile Clutch   Necr/Erth      0%         N/A       100%        5
 Freezing Cloud           Conj/Ice/Air   0%         6-21      100%        5
 Summon Forest            Summ/Tloc      0%         N/A       100%        5
 Summon Mana Viper        Hex/Summ       0%         N/A       100%        5
 Death Channel            Necr           0%         N/A       100%        6
 Dispersal                Tloc           0%         N/A       100%        6
 Shadow Creatures         Summ           N/A        N/A       100%        6
 Simulacrum               Ice/Necr       0%         N/A       100%        6
 Starburst                Conj/Fire      0%         8x6d3     100%        6
 Polar Vortex             Ice            0%         N/A       100%        9
 Ice Form                 Ice/Tmut       Unusable   N/A       N/A         4

Skill      XL: |  1  2  3  4  5  6  7  8  9 10 11 12 13 14 15 16 |
---------------+-------------------------------------------------+-----
Maces & Flails | 1 2 3 4 6 8 10 11 12 13 15 16 | 16.0
Fighting       | 3 4 5 7 8 10 12 14 15 16 18 19 | 19.7
Shields        | 2 4 5 |  5.5
Armour         | 2 4 6 8 11 13 | 13.4
Invocations    | 1 6 8 |  8.6
Short Blades   | |  1.5
Throwing       | |  1.5
Dodging        | |  0.7
Stealth        | |  3.2

Action                   |  1- 3 |  4- 6 |  7- 9 | 10-12 | 13-15 | 16-18 || total
-------------------------+-------+-------+-------+-------+-------+-------++-------
Melee: Dagger            |    12 |       |       |       |       |       ||    12
       Whip              |   111 |   223 |   430 |    41 |       |       ||   805
       Flail             |       |       |    86 |       |       |       ||    86
       Morningstar       |       |       |       |   839 |  1572 |   637 ||  3048
Throw: Dart              |       |       |    42 |   103 |     8 |       ||   153
       Boomerang         |       |       |    33 |    12 |       |       ||    45
       Throwing net      |       |       |       |     1 |       |       ||     1
Evoke: Lightning rod     |       |       |       |     5 |       |       ||     5
       Wand              |       |       |       |     1 |       |       ||     1
  Use: Scroll            |       |     3 |     6 |    14 |     7 |     3 ||    33
 Stab: Sleeping          |     7 |       |       |       |       |       ||     7
       Distracted        |       |       |     1 |       |       |       ||     1
       Petrified         |       |       |       |       |     1 |       ||     1
Armor: Robe              |    14 |       |       |       |       |       ||    14
       Plate armour      |    34 |   188 |   337 |   415 |       |       ||   974
       Gold dragon scale |       |       |       |   143 |  1176 |   477 ||  1796
Dodge: Dodged            |    45 |    47 |    95 |   189 |   322 |   199 ||   897
Block: Buckler           |       |       |       |   137 |   276 |    60 ||   473
       Kite shield       |       |       |       |       |       |   108 ||   108

Inventory:

Hand Weapons
 a - a +2 whip of venom
 b - the +5 morningstar of Nokluag (weapon) {flame, rPois rCorr Dex-5 SInv}

   It burns those it strikes, dealing additional fire damage.
   Dex:       It affects your dexterity (-5).
   rPois:     It protects you from poison.
   SInv:      It lets you see invisible.
   rCorr:     It protects you from acid and corrosion.
Missiles
 c - 4 atropa-tipped darts
 x - 94 boomerangs (quivered)
 z - 2 curare-tipped darts
 E - 65 poisoned darts
 I - 7 datura-tipped darts
Armour
 g - a +0 pair of boots (worn)
 k - a +2 hat of willpower
 l - a +0 cloak (worn)
 p - a +2 helmet (worn)
 D - +2 gold dragon scales (worn)
 L - a +0 pair of gloves (worn)
 N - a +0 kite shield (worn)
Magical Staves
 q - a staff of fire
Jewellery
 e - an amulet of regeneration (around neck)
 i - a ring of protection from cold
 j - a ring of willpower
 o - a ring of protection from fire
 A - a +4 ring of evasion (right hand)
 H - a ring of flight (left hand)
 J - a ring of wizardry
Wands
 d - a wand of digging (6)
 h - a wand of paralysis (15)
 w - a wand of flame (26)
 C - a wand of polymorph (59)
 F - a wand of iceblast (8)
 K - a wand of charming (16)
Scrolls
 f - 8 scrolls of fog
 m - 5 scrolls of immolation
 n - 8 scrolls of enchant weapon
 r - 24 scrolls of identify
 s - 4 scrolls of brand weapon
 t - 11 scrolls of teleportation
 v - 2 scrolls of silence
 y - 6 scrolls of magic mapping
 B - 2 scrolls of blinking
 G - a scroll of torment
Miscellaneous
 u - a lightning rod (4/4)


You were on level 1 of the Swamp.
You worshipped Makhleb.
Makhleb was exalted by your worship.
You visited 5 branches of the dungeon, and saw 26 of its levels.
You also visited: Sewer, Bailey and Volcano.

You collected 3050 gold pieces.
You spent 2448 gold pieces at shops.

Dungeon Overview and Level Annotations

Branches:
Dungeon (15/15)            Temple (1/1) D:7            Lair (6/6) D:10
  Swamp (2/4) Lair:3       Spider (0/4) Lair:3        Slime (0/5) Lair:6
    Orc (2/2) D:11            Elf (0/3) Orc:2        Vaults (0/5) D:14
 Depths (0/5) D:15          Sewer (visited)          Bailey (visited)
Volcano (visited)

Altars:
Ashenzari
Cheibriados
Elyvilon
Makhleb
Okawaru
Ru
Sif Muna
Trog
Xom
Yredelemnul
Zin
The Shining One
Beogh

Shops:
D:5 :   D:10 [   D:12 **   Orc:2 =([!*

Annotations:
Lair:1 exclusion: 2 oklob plants

♣≈≈≈≈≈≈≈..≈≈≈.≈..≈♣♣♣.≈≈≈≈≈≈≈
♣♣.≈≈≈≈≈≈≈...≈.♣♣.♣♣ ♣≈.≈≈.≈≈≈
♣..≈.......§...≈♣♣♣ ♣♣....≈≈≈
♣♣..♣♣♣♣♣♣♣≈≈♣≈≈♣≈♣♣♣♣♣♣.♣≈≈≈≈
♣♣♣♣♣.≈≈≈.≈≈≈.≈....≈≈.≈≈≈...÷
♣..≈§≈≈≈≈≈.....≈≈≈≈≈...≈♣
♣♣.§≈≈≈§≈≈.≈♣≈..≈≈..≈≈.♣♣
♣♣≈..≈§≈.♣♣..≈≈≈♣♣♣♣♣♣♣♣
♣♣♣♣f§@≈♣.≈.♣♣♣♣ ♣ ♣♣>vv≈.≈§♣
♣ ♣♣w♣♣♣♣♣♣ ♣♣♣


You could see a thorn hunter, a tyrant leech and a will-o-the-wisp.

Notes
Turn   | Place    | Note
-------+----------+-------------------------------------------
     0 | D:1      | theanonym the Mummy Brigand began the quest for the Orb.
     0 | D:1      | Reached XP level 1. HP: 16/16 MP: 1/1
   259 | D:1      | Reached XP level 2. HP: 23/23 MP: 2/2
   308 | D:1      | HP: 11/23 [rat (2)]
   312 | D:1      | Reached skill level 1 in Maces & Flails
   524 | D:1      | Found a faded altar of an unknown god.
  1166 | D:2      | Reached XP level 3. HP: 28/28 MP: 3/3
  1624 | D:2      | Reached skill level 3 in Fighting
  1735 | D:2      | Reached skill level 2 in Maces & Flails
  2146 | D:3      | Reached XP level 4. HP: 28/35 MP: 4/4
  2367 | D:3      | Found an iron altar of Okawaru.
  2508 | D:3      | Noticed Robin
  2518 | D:3      | HP: 15/35 [goblin[Robin] (6)]
  2522 | D:3      | Killed Robin
  2522 | D:3      | HP: 6/35 [goblin[Robin] (3)]
  2842 | D:2      | Reached skill level 3 in Maces & Flails
  2842 | D:2      | Reached XP level 5. HP: 24/41 MP: 5/5
  3053 | D:3      | Found a runed translucent gate.
  3053 | D:3      | Found a runed translucent gate.
  3081 | D:3      | Found a runed translucent gate.
  3084 | D:3      | Noticed Xoff's ghost (amateur GnFi)
  3587 | D:2      | HP: 19/42 [orc priest/divine providence (9)]
  3589 | D:2      | Reached skill level 4 in Fighting
  3593 | D:2      | HP: 18/42 [orc priest (2)]
  3597 | D:2      | Reached XP level 6. HP: 10/48 MP: 6/6
  4144 | D:4      | Reached skill level 4 in Maces & Flails
  4543 | D:4      | Found a bloodstained altar of Trog.
  4908 | D:4      | Reached XP level 7. HP: 34/55 MP: 4/7
  5113 | D:4      | Reached skill level 5 in Fighting
  5113 | D:4      | Reached skill level 5 in Maces & Flails
  5388 | D:5      | Entered Level 5 of the Dungeon
  5449 | D:5      | Found a shimmering altar of Xom.
  5745 | D:5      | HP: 28/56 [necrophage (2)]
  5747 | D:5      | Reached skill level 6 in Maces & Flails
  5747 | D:5      | Reached XP level 8. HP: 32/64 MP: 5/8
  5753 | D:5      | HP: 31/64 [centaur zombie (1)]
  6065 | D:5      | Found Semoyc's Self-Improvement Boutique.
  6125 | D:5      | Reached skill level 6 in Fighting
  6862 | D:6      | Found a glowing drain.
  6895 | D:6      | HP: 31/64 [ice beast (3)]
  6901 | D:6      | HP: 15/64 [necrophage (4)]
  6906 | D:6      | HP: 7/65 [necrophage (5)]
  6907 | D:6      | HP: 3/65 [necrophage (4)]
  7301 | Sewer    | Entered a sewer
  7357 | Sewer    | Reached skill level 7 in Maces & Flails
  7729 | D:6      | Reached skill level 7 in Fighting
  7962 | D:6      | HP: 33/67 [yak (10)]
  7970 | D:6      | Reached skill level 8 in Maces & Flails
  7970 | D:6      | Reached XP level 9. HP: 36/72 MP: 4/9
  7973 | D:6      | HP: 31/72 [yak (6)]
  7979 | D:6      | HP: 18/72 [yak (6)]
  8019 | D:6      | HP: 26/72 [gnoll (1)]
  8382 | D:5      | HP: 34/72 [yak (5)]
  8795 | D:6      | HP: 32/74 [orc warrior (14)]
  9257 | D:7      | Reached skill level 9 in Maces & Flails
  9268 | D:7      | Reached skill level 8 in Fighting
  9290 | D:7      | Found a staircase to the Ecumenical Temple.
  9343 | Temple   | Entered the Ecumenical Temple
  9347 | Temple   | Became a worshipper of Makhleb the Destroyer
  9383 | D:7      | Found a flagged portal.
  9405 | Bailey   | Entered a bailey
  9410 | Bailey   | Noticed an orc warlord
  9546 | Bailey   | HP: 34/74 [orc warrior (7)]
  9815 | Bailey   | Found a runed translucent gate.
  9816 | Bailey   | Found a runed translucent gate.
  9817 | Bailey   | Found a runed translucent gate.
  9824 | Bailey   | Reached * piety under Makhleb
 10185 | Bailey   | HP: 36/75 [orc warlord (31)]
 10212 | Bailey   | Killed an orc warlord
 10213 | Bailey   | Reached skill level 10 in Maces & Flails
 10213 | Bailey   | Reached XP level 10. HP: 47/82 MP: 7/10
 10391 | Bailey   | Acquired a manual of Fighting
 10402 | Bailey   | Identified the +5 morningstar of Nokluag {flame, rPois
                  | rCorr Dex-5 SInv}
 10511 | D:7      | Reached skill level 9 in Fighting
 10681 | D:7      | HP: 38/83 [hornet (12)]
 10725 | D:7      | HP: 40/83 [water moccasin (3)]
 10737 | D:7      | HP: 31/83 [water moccasin (4)]
 11476 | D:8      | You are sucked into a shaft and drop 1 floor!
 11505 | D:9      | HP: 41/85 [troll (3)]
 11515 | D:9      | HP: 34/85 [troll (3)]
 11522 | D:9      | HP: 29/85 [troll (1)]
 11524 | D:9      | HP: 8/85 [troll (8)]
 11524 | D:9      | HP: 1/85 [troll (7)]
 11866 | D:9      | Noticed Joseph
 11876 | D:10     | Entered Level 10 of the Dungeon
 12028 | D:8      | Found a snail-covered altar of Cheibriados.
 12064 | D:8      | Reached skill level 10 in Fighting
 12305 | D:8      | Reached ** piety under Makhleb
 12451 | D:8      | Noticed a two-headed ogre
 12490 | D:8      | Killed a two-headed ogre
 12491 | D:8      | Reached skill level 11 in Maces & Flails
 12491 | D:8      | Reached skill level 1 in Shields
 12578 | D:8      | Noticed a two-headed ogre
 12587 | D:8      | Killed a two-headed ogre
 12811 | D:9      | Reached skill level 2 in Shields
 12927 | D:9      | Reached XP level 11. HP: 50/92 MP: 3/11
 13105 | D:9      | Found a basalt altar of Yredelemnul.
 13340 | D:9      | Killed Joseph
 13341 | D:9      | Reached skill level 11 in Fighting
 13632 | D:9      | HP: 46/93 [gnoll (3)]
 13997 | D:9      | HP: 46/93 [troll (6)]
 13999 | D:9      | HP: 21/93 [troll (8)]
 14030 | D:8      | HP: 25/93 [troll (4)]
 14037 | D:8      | HP: 26/93 [kobold (1)]
 14046 | D:8      | HP: 22/93 [centaur/arrow (6)]
 14056 | D:7      | HP: 10/93 [troll (6)]
 14557 | D:10     | Noticed a deep elf pyromancer
 14654 | D:9      | HP: 44/93 [wolf (6)]
 14660 | D:9      | HP: 23/93 [wyvern (5)]
 15018 | D:9      | Reached skill level 3 in Shields
 15020 | D:9      | HP: 46/93 [troll (3)]
 15024 | D:9      | HP: 18/93 [troll (5)]
 15637 | D:10     | Found Kesoit's Armour Emporium.
 15994 | D:10     | Found a shimmering blue altar of Sif Muna.
 16108 | D:10     | Found a staircase to the Lair.
 16343 | D:10     | Killed a deep elf pyromancer
 16718 | D:11     | Reached skill level 12 in Maces & Flails
 16782 | D:11     | Found a staircase to the Orcish Mines.
 16960 | D:11     | Reached *** piety under Makhleb
 17138 | D:11     | HP: 44/95 [ogre (7)]
 17140 | D:11     | Reached skill level 12 in Fighting
 17587 | D:11     | Reached skill level 4 in Shields
 18091 | Orc:1    | Entered Level 1 of the Orcish Mines
 18096 | Orc:1    | Noticed a two-headed ogre
 18106 | D:11     | HP: 38/95 [ogre (13)]
 18346 | D:11     | Killed a two-headed ogre
 18347 | D:11     | Reached skill level 1 in Armour
 18796 | D:11     | HP: 47/96 [orc warrior (5)]
 19122 | Orc:1    | Noticed an orc sorcerer
 19130 | Orc:1    | Killed an orc sorcerer
 19149 | Orc:1    | HP: 48/96 [orc (2)]
 19167 | D:11     | HP: 48/96 [orc (5)]
 19571 | D:11     | Reached skill level 2 in Armour
 19571 | D:11     | Reached XP level 12. HP: 92/103 MP: 9/12
 19815 | Orc:1    | Reached **** piety under Makhleb
 20045 | Orc:1    | HP: 5/103 [orc sorcerer/bolt of fire (49)]
 20817 | D:10     | Bought +1 gold dragon scales for 1131 gold pieces
 21002 | Orc:2    | Entered Level 2 of the Orcish Mines
 21002 | Orc:2    | Found Ypsuynli's General Store.
 21332 | Orc:2    | Found a staircase to the Elven Halls.
 21334 | Orc:2    | Found Moam's Book Shop.
 21367 | Orc:1    | HP: 41/103 [orc warrior (12)]
 21373 | Orc:1    | HP: 30/103 [orc warrior (1)]
 21375 | Orc:1    | Reached skill level 13 in Fighting
 21849 | Orc:2    | Noticed an orc high priest
 21862 | Orc:2    | HP: 49/105 [sixfirhy[an orc high priest] (8)]
 22540 | Orc:1    | Killed an orc high priest
 22541 | Orc:1    | Reached skill level 3 in Armour
 22604 | Orc:2    | HP: 49/105 [orc (4)]
 22609 | Orc:2    | HP: 25/105 [orc knight (13)]
 22611 | Orc:1    | HP: 10/105 [orc knight (16)]
 22980 | Orc:1    | HP: 49/105 [orc knight (8)]
 22986 | Orc:1    | Reached skill level 13 in Maces & Flails
 24495 | Orc:1    | HP: 49/105 [orc knight (11)]
 24525 | Orc:1    | HP: 18/105 [orc warrior[an orc knight] (19)]
 24546 | Orc:1    | HP: 19/105 [orc warrior[an orc knight] (5)]
 25260 | Orc:2    | HP: 45/105 [orc knight (20)]
 25541 | Orc:2    | Noticed an orc high priest
 25557 | Orc:2    | Killed an orc high priest
 25558 | Orc:2    | Reached skill level 4 in Armour
 25931 | Orc:2    | Noticed an orc high priest
 26087 | Orc:1    | Killed an orc high priest
 26088 | Orc:1    | Reached skill level 14 in Fighting
 26143 | Orc:2    | HP: 52/107 [orc knight (12)]
 26150 | Orc:2    | HP: 39/107 [orc knight (1)]
 26152 | Orc:2    | Noticed an orc high priest
 26660 | Orc:2    | Killed an orc high priest
 26945 | Orc:2    | HP: 40/107 [orc knight (22)]
 26946 | Orc:2    | HP: 9/107 [orc knight (31)]
 26947 | Orc:2    | HP: 3/107 [orc knight (7)]
 27406 | Orc:2    | HP: 37/107 [orc knight (18)]
 27818 | Orc:2    | Noticed an orc high priest
 27826 | Orc:2    | Killed an orc high priest
 27912 | Orc:2    | Gained mutation: You are in touch with the powers of death.
                  | [Mummy growth]
 27912 | Orc:2    | Reached XP level 13. HP: 111/114 MP: 11/13
 27940 | Orc:2    | Found Booxe's Armour Shop.
 27940 | Orc:2    | Found Todempog's Distillery.
 27941 | Orc:2    | Found Duqul's Jewellery Shop.
 27941 | Orc:2    | Found Xiviqudusk's Antique Weapon Boutique.
 27969 | Orc:2    | Bought a +0 pair of boots for 72 gold pieces
 28097 | Lair:1   | Entered Level 1 of the Lair of Beasts
 28133 | Lair:1   | Noticed Nergalle
 28166 | Lair:1   | Killed Nergalle
 28167 | Lair:1   | Reached skill level 5 in Armour
 28266 | Lair:1   | Reached skill level 14 in Maces & Flails
 28362 | Lair:1   | HP: 57/114 [black mamba (7)]
 28367 | Lair:1   | HP: 50/114 [water moccasin (3)]
 28373 | Lair:1   | HP: 54/114 [basilisk (1)]
 29451 | D:3      | Killed Xoff's ghost
 29744 | Lair:2   | Reached skill level 15 in Fighting
 30160 | Lair:2   | Reached ***** piety under Makhleb
 30512 | Lair:2   | Reached skill level 6 in Armour
 30837 | Lair:2   | HP: 35/116 [lindwurm/blast of flame (31)]
 31375 | Lair:2   | Noticed Gastronok
 31399 | Lair:2   | Killed Gastronok
 31892 | Lair:3   | Found a hole to the Spider Nest.
 31951 | Lair:3   | Found a staircase to the Swamp.
 32036 | Lair:3   | HP: 54/116 [polar bear (13)]
 32041 | Lair:3   | HP: 37/116 [komodo dragon (12)]
 32047 | Lair:3   | HP: 13/116 [komodo dragon (10)]
 32053 | Lair:3   | HP: 18/116 [electric eel/bolt of electricity (3)]
 32916 | Lair:4   | Noticed Rupert
 32936 | Lair:4   | HP: 57/116 [Rupert (2)]
 32941 | Lair:4   | Killed Rupert
 32942 | Lair:4   | Reached skill level 15 in Maces & Flails
 32942 | Lair:4   | Reached XP level 14. HP: 32/123 MP: 5/14
 33615 | Lair:4   | Found a sacrificial altar of Ru.
 33662 | Lair:4   | Reached skill level 7 in Armour
 33670 | Lair:4   | HP: 62/124 [steam dragon (7)]
 33675 | Lair:4   | HP: 42/124 [steam dragon (8)]
 33681 | Lair:4   | HP: 30/124 [steam dragon/ball of steam (2)]
 33686 | Lair:4   | HP: 23/124 [steam dragon (3)]
 33693 | Lair:4   | HP: 8/124 [lindwurm/blast of flame (13)]
 33694 | Lair:4   | HP: 3/124 [rime drake/flash freeze (5)]
 33904 | Lair:4   | HP: 55/124 [rime drake/flash freeze (11)]
 34207 | Lair:4   | HP: 51/124 [fire dragon/blast of flame (17)]
 34908 | Lair:4   | Identified the +1 robe of Osimneak {rCorr Dex+4}
 34963 | Lair:4   | HP: 62/124 [hell rat (10)]
 35378 | Lair:5   | Found a dark tunnel.
 35383 | Volcano  | Entered a volcano
 35469 | Volcano  | HP: 59/124 [two-headed ogre (10)]
 35814 | Volcano  | HP: 59/124 [two-headed ogre (19)]
 36550 | Lair:5   | Reached skill level 16 in Fighting
 36977 | Lair:6   | Entered Level 6 of the Lair of Beasts
 37384 | Lair:6   | HP: 62/125 [death yak (10)]
 37393 | Lair:6   | HP: 61/125 [death yak (8)]
 37419 | Lair:6   | Reached skill level 8 in Armour
 37771 | Lair:6   | Reached skill level 16 in Maces & Flails
 37872 | Lair:6   | Reached skill level 1 in Invocations
 37916 | Lair:6   | Reached ****** piety under Makhleb
 38090 | Lair:6   | Found a staircase to the Slime Pits.
 38106 | Lair:6   | Reached XP level 15. HP: 110/132 MP: 12/16
 38217 | Lair:6   | Reached skill level 2 in Invocations
 38521 | Lair:6   | HP: 58/132 [death yak (13)]
 38526 | Lair:6   | HP: 62/132 [water moccasin (2)]
 38543 | Lair:6   | HP: 40/132 [water moccasin (2)]
 38549 | Lair:6   | HP: 37/132 [water moccasin (3)]
 38551 | Lair:6   | HP: 16/132 [wyvern (10)]
 38553 | Lair:6   | HP: 4/132 [wyvern (10)]
 39277 | Lair:6   | HP: 64/132 [death yak (9)]
 39282 | Lair:6   | HP: 50/132 [death yak (13)]
 39290 | Lair:6   | HP: 42/132 [elephant (1)]
 39639 | Lair:6   | Reached skill level 3 in Invocations
 40176 | Lair:6   | Reached skill level 9 in Armour
 40284 | Lair:6   | Identified the +2 ring mail of Limited Liability {*Corrode
                  | Fly Dex+4}
 40627 | D:12     | Found Sood's Superlative Supplies.
 40647 | D:12     | Found Miafrygi's Assorted Antiques.
 40659 | D:12     | Acquired a manual of Armour
 40664 | D:12     | Got the Almanac of the Well-Known Moons
 40779 | Orc:2    | Bought an amulet of regeneration for 420 gold pieces
 40990 | D:5      | Bought a manual of Fighting for 800 gold pieces
 41140 | D:12     | Bought a scroll labelled PEBRER WEUDA for 25 gold pieces
 41179 | D:12     | HP: 38/132 [titanic slime creature (80)]
 41217 | D:11     | HP: 52/132 [very large slime creature (36)]
 41223 | D:11     | HP: 47/132 [slime creature (12)]
 41229 | D:11     | HP: 48/132 [slime creature (11)]
 41413 | D:12     | Reached skill level 4 in Invocations
 42122 | D:12     | Found a runed translucent door.
 42164 | D:12     | Reached skill level 17 in Fighting
 42316 | D:12     | Noticed a tentacled monstrosity
 42335 | D:12     | Killed a tentacled monstrosity
 42404 | D:12     | Reached skill level 5 in Invocations
 42455 | D:12     | Reached skill level 10 in Armour
 43344 | D:13     | Reached skill level 6 in Invocations
 43462 | D:13     | Reached skill level 11 in Armour
 43542 | D:13     | Reached skill level 18 in Fighting
 43648 | D:14     | Noticed Josephine
 43663 | D:14     | Reached XP level 16. HP: 129/143 MP: 20/20
 43688 | D:14     | Killed Josephine
 43714 | D:14     | HP: 68/143 [wraith[Josephine] (9)]
 43719 | D:14     | HP: 49/143 [ironbound preserver (8)]
 43747 | D:13     | HP: 65/143 [wraith[Josephine] (7)]
 43978 | D:14     | Reached skill level 7 in Invocations
 44011 | D:14     | Found a gate to the Vaults.
 44075 | D:14     | Found a broken altar of Ashenzari.
 44145 | D:14     | Noticed Jorgrun
 44182 | D:14     | Killed Jorgrun
 44203 | D:14     | Identified the +6 hunting sling of the Lumpy Deaths
                  | {freeze, Stlth+}
 44254 | D:14     | Noticed Agnes
 44266 | D:14     | HP: 63/145 [Agnes (16)]
 44269 | D:14     | Killed Agnes
 44583 | D:14     | Reached skill level 12 in Armour
 44738 | D:15     | Entered Level 15 of the Dungeon
 44738 | D:15     | Found a staircase to the Depths.
 44829 | D:15     | HP: 59/145 [juggernaut zombie (38)]
 44840 | D:15     | Reached skill level 19 in Fighting
 44840 | D:15     | Reached skill level 8 in Invocations
 45093 | D:15     | HP: 70/146 [ogre mage/bolt of magma (15)]
 45098 | D:15     | HP: 41/146 [two-headed ogre (1)]
 45214 | D:15     | HP: 66/146 [meliai (10)]
 45477 | D:15     | Reached skill level 13 in Armour
 45479 | D:15     | HP: 70/147 [tengu warrior[a tengu warrior] (15)]
 45937 | D:15     | Upgraded the game from 0.28-a0-119-ga52ba8600a to
                  | 0.28-a0-124-g73ec313a74
 46143 | Swamp:1  | Entered Level 1 of the Swamp
 46619 | Swamp:1  | Reached skill level 5 in Shields
 46795 | Swamp:1  | HP: 74/148 [hornet[a shambling mangrove] (7)]
 46800 | Swamp:1  | HP: 55/148 [hornet[a shambling mangrove] (3)]
 46802 | Swamp:1  | Reached XP level 17. HP: 59/154 MP: 23/23
 46806 | Swamp:1  | HP: 54/154 [hornet[a shambling mangrove] (4)]
 46814 | Swamp:1  | HP: 40/154 [hornet[a shambling mangrove] (10)]
 46993 | Swamp:1  | Identified the +6 dagger of Severance {vorpal, rPois Str+2}
 47442 | Swamp:1  | HP: 63/154 [will-o-the-wisp/foxfire (26)]
 47442 | Swamp:1  | HP: 25/154 [thorn hunter (13)]
 47444 | Swamp:1  | Killed from afar by a will-o-the-wisp

Vanquished Creatures
  Rupert (Lair:4)
  A tentacled monstrosity (D:12)
  Jorgrun (D:14)
  Gastronok (Lair:2)
  Agnes (D:14)
  A juggernaut zombie (D:15)
  An orc warlord (Bailey)
  2 very ugly things (D:12)
  An ironbound preserver (D:14)
  A dire elephant (Lair:6)
  A red draconian (Volcano)
  3 eleionomae (Swamp:1)
  A fire dragon (Lair:4)
  Josephine (D:14)
  A shambling mangrove (Swamp:1)
  A boulder beetle (D:13)
  6 hydras
  A ghost crab (Swamp:1)
  3 death knights
  2 catoblepae
  22 two-headed ogres
  6 centaur warriors
  4 ogre magi
  6 death yaks
  2 alligators (Swamp:1)
  5 orc high priests
  2 tengu warriors (D:15)
  A vampire mage (D:15)
  Nergalle (Lair:1)
  4 goliath frogs (Swamp:1)
  12 skeletal warriors
  A swamp dragon (Swamp:1)
  A bog body (Lair:3)
  5 lindwurms
  A wizard (D:15)
  3 phantasmal warriors
  A necromancer (D:15)
  11 orc knights
  6 deep elf pyromancers
  4 cyclopes
  13 ugly things
  A wolf spider (Lair:6)
  2 orc sorcerers
  4 manticores
  A will-o-the-wisp (Swamp:1)
  Joseph (D:9)
  2 spriggan zombies (D:15)
  5 black mambas
  11 elephants (Lair:6)
  12 cane toads
  2 torpor snails (Lair:6)
  14 rime drakes
  2 gargoyles (D:13)
  An unseen horror (D:11)
  7 komodo dragons
  A tengu conjurer (D:15)
  A kobold demonologist (D:12)
  5 freezing wraiths
  4 yaktaurs (D:15)
  A demonic crawler (D:12)
  6 polar bears
  6 trolls
  9 slime creatures
  3 meliai (D:15)
  8 dream sheep (Lair:6)
  13 hornets
  27 blink frogs
  60 yaks
  4 wyverns
  A vampire (D:13)
  5 spriggans
  10 wraiths
  A centaur simulacrum (D:14)
  2 shadows
  4 basilisks
  8 vampire mosquitoes
  A neqoxec (D:12)
  8 steam dragons
  A large abomination (D:12)
  A tengu zombie (D:15)
  5 small abominations (D:12)
  2 acid dragons
  A swamp worm (Swamp:1)
  13 water moccasins
  39 orc warriors
  2 ice beasts
  10 black bears
  The ghost of Xoff the Shield-Bearer, an amateur GnFi (D:3)
  3 sky beasts
  4 necrophages
  13 ogres
  16 centaurs
  12 wolves
  A phantom (D:4)
  4 kobold brigands
  14 bullfrogs
  A gnoll sergeant (D:7)
  5 scorpions
  A water moccasin skeleton (D:7)
  4 electric eels
  A howler monkey (D:11)
  A crimson imp (D:4)
  A lava snake (Lair:3)
  2 gnoll shamans (D:9)
  4 centaur zombies
  22 orc priests
  6 hounds
  A jelly (Lair:6)
  2 centaur skeletons
  2 iguanas
  19 orc wizards
  6 hell rats
  A killer bee zombie (D:9)
  Robin (D:3)
  2 howler monkey zombies (D:8)
  20 gnolls
  2 howler monkey skeletons (D:7)
  8 adders
  A shadow imp (D:5)
  3 white imps
  2 worms
  2 dart slugs
  116 orcs
  8 bats
  7 endoplasms
  9 giant cockroaches
  25 goblins
  6 hobgoblins
  3 jackals (D:4)
  A quokka (D:3)
  6 ball pythons
  4 frilled lizards
  37 kobolds
  7 rats
886 creatures vanquished.

Vanquished Creatures (others)
  A bloated husk (Swamp:1)
  A bush (Lair:6)
  11 foxfires
  34 fungi
  83 plants
  11 withered plants (D:15)
141 creatures vanquished.

Grand Total: 1027 creatures vanquished

Table legend: (Time is in decaauts)
 A = Elapsed time spent in this place.
 B = Non-inter-level travel time spent in this place.
 C = Inter-level travel time spent in this place.
 D = Time resting spent in this place.
 E = Time spent auto-exploring this place.
 F = Levels seen in this place.
 G = Mean time per level.
                   A        B        C        D        E       F      G
               +--------+--------+--------+--------+--------+-----+--------+
         Total |  46876 |  44182 |   2694 |  20346 |  16503 |  29 | 1616.4 |
       Dungeon |  25128 |  23303 |   1825 |  10080 |   9380 |  15 | 1675.2 |
        Temple |      8 |      8 |      0 |      0 |      0 |   1 |    8.0 |
          Lair |  11289 |  10885 |    404 |   4235 |   5066 |   6 | 1881.5 |
         Swamp |   1195 |   1141 |     54 |    405 |    437 |   2 |  597.5 |
  Orcish Mines |   7325 |   6915 |    410 |   4703 |   1020 |   2 | 3662.5 |
         Sewer |    205 |    205 |      0 |    115 |     51 |   1 |  205.0 |
        Bailey |    984 |    984 |      0 |    361 |    349 |   1 |  984.0 |
       Volcano |    739 |    739 |      0 |    445 |    199 |   1 |  739.0 |
               +--------+--------+--------+--------+--------+-----+--------+

Top non-repeatable levels by time:
   Orc:1: 4621 daAuts
    D:11: 4591 daAuts
     D:9: 2904 daAuts
   Orc:2: 2703 daAuts
  Lair:6: 2589 daAuts
  Lair:4: 2527 daAuts
  Lair:2: 2329 daAuts
     D:5: 2040 daAuts
     D:6: 1711 daAuts
     D:7: 1609 daAuts
     D:2: 1582 daAuts
    D:12: 1432 daAuts
     D:3: 1391 daAuts
  Lair:5: 1371 daAuts
     D:4: 1290 daAuts
